Map: Triton LE

Players

DnS - Winner!

  • Race: Protoss Protoss
  • Spawn Location: 11:00

RiSky

  • Race: Zerg Zerg
  • Spawn Location: 5:00

Event: IEM Katowice 2020

VOD

Have the link to the VOD?

Description

Time

  • Played on: Feb. 25, 2020, 4:21 a.m.
  • Length: 16:06

All games in this series

Show
View Real Time Build Order
Export as new Build Order

DnS Protoss - Winner!

Build Orders: 1 Gate Expand, Oracle Opening, Phoenix Opening, Archon Immortal 

Get SALT Encoding   

  12  0:00  Probe  
  13  0:12  Probe  
  14  0:18  Pylon  
  14  0:24  Probe (Chrono Boost)  
  15  0:37  Probe (Chrono Boost)  
  15  0:38  Gateway  
  16  0:45  Probe (Chrono Boost)  
  16  0:47  Assimilator  
  17  0:51  Probe  
  18  1:03  Probe  
  19  1:15  Probe  
  20  1:25  Nexus  
  20  1:34  Cybernetics Core  
  20  1:37  Probe  
  21  1:45  Assimilator  
  21  1:49  Probe  
  21  1:53  Pylon  
  22  2:01  Probe  
  23  2:08  Adept (Chrono Boost)  
  23  2:14  Probe (Chrono Boost)  
  23  2:15  Stargate  
  26  2:25  Probe (Chrono Boost)  
  26  2:27  Warp Gate  
  27  2:31  Probe (Chrono Boost)  
  27  2:34  Adept  
  30  2:38  Probe (Chrono Boost)  
  32  2:46  Probe (Chrono Boost)  
  32  2:47  Probe (Chrono Boost)  
  33  2:52  Probe x2 (Chrono Boost)  
  35  2:58  Phoenix (Chrono Boost)  
  35  3:04  Probe x2  
  39  3:11  Assimilator  
  39  3:13  Assimilator  
  39  3:16  Probe x2  
  41  3:20  Oracle (Chrono Boost)  
  44  3:28  Probe  
  44  3:30  Probe  
  44  3:33  Gateway  
  46  3:39  Robotics Facility  
  46  3:45  Pylon  
  46  3:54  Pylon  
  46  4:00  Oracle (Chrono Boost)  
  46  4:03  Probe x2  
  51  4:13  Pylon  
  51  4:15  Probe x2  
  53  4:22  Adept  
  55  4:27  Probe x2, Oracle (Chrono Boost)  
  55  4:30  Adept  
  62  4:36  Observer  
  63  4:39  Probe, Nexus  
  63  4:43  Probe  
  63  4:44  Pylon  
  65  4:51  Adept x2  
  65  4:52  Probe  
  70  5:04  Immortal (Chrono Boost)  
  70  5:05  Probe x2  
  76  5:11  Sentry  
  78  5:14  Pylon  
  78  5:15  Twilight Council  
  78  5:18  Forge  
  78  5:27  Pylon  
  78  5:32  Probe x2  
  80  5:37  Immortal (Chrono Boost)  
  84  5:44  Probe x2  
  84  5:46  Gateway  
  84  5:49  Sentry x2  
  90  5:52  Charge  
  90  5:53  Gateway  
  90  5:55  Probe  
  90  5:56  Probe  
  90  5:57  Protoss Ground Weapons Level 1 (Chrono Boost)  
  92  6:00  Probe  
  93  6:07  Probe  
  93  6:08  Probe  
  95  6:12  Probe  
  96  6:19  Probe  
  96  6:20  Probe  
  96  6:23  Gateway  
  96  6:24  Gateway  
  98  6:26  Probe  
  98  6:27  Zealot x2  
  98  6:30  Pylon  
  98  6:31  Probe  
  104  6:34  Templar Archives  
  104  6:35  Gateway  
  104  6:37  Gateway  
  104  6:39  Warp Prism (Chrono Boost)  
  104  6:44  Probe x2  
  108  6:48  Probe  
  108  6:50  Assimilator  
  108  6:52  Assimilator  
  110  7:01  Probe x2  
  110  7:03  Zealot x2  
  110  7:06  Pylon  
  116  7:10  Pylon x2  
  116  7:14  Probe  
  116  7:16  Photon Cannon  
  116  7:20  Pylon  
  116  7:22  Pylon  
  116  7:23  Pylon  
  116  7:24  Pylon  
  116  7:31  High Templar x3  
  116  7:32  High Templar x3  
  116  7:33  Zealot x2  
  116  7:36  Archon x3  
  132  7:46  Probe, Psionic Storm  
  132  7:47  Probe  
  132  7:50  Protoss Ground Weapons Level 2 (Chrono Boost)  
  133  7:56  Nexus  
  133  7:57  Pylon  
  133  8:01  Zealot  
  134  8:07  High Templar  
  134  8:08  High Templar  
  134  8:10  Photon Cannon, Zealot  
  134  8:12  Photon Cannon  
  140  8:14  Photon Cannon  
  140  8:18  Immortal (Chrono Boost)  
  144  8:20  Probe x3  
  147  8:30  Zealot x3  
  147  8:32  High Templar x2  
  157  8:37  Probe  
  158  8:41  Probe  
  158  8:44  Nexus  
  158  8:47  Shield Battery  
  159  8:49  Shield Battery  
  159  8:54  Immortal (Chrono Boost)  
  161  9:00  Phoenix (Chrono Boost)  
  161  9:08  Photon Cannon  
  161  9:09  Photon Cannon  
  159  9:11  Photon Cannon  
  159  9:12  Assimilator  
  159  9:13  Assimilator  
  159  9:17  Photon Cannon x2  
  159  9:20  High Templar x4  
  165  9:24  Archon  
  165  9:25  Archon  
  165  9:27  Stalker  
  165  9:28  Stalker  
  169  9:35  Immortal (Chrono Boost)  
  171  9:46  Gateway  
  171  9:48  Gateway  
  171  9:51  Photon Cannon, Shield Battery  
  171  9:52  High Templar x2, Zealot  
  168  9:53  Zealot x2  
  168  9:56  Archon  
  174  10:13  Warp Prism (Chrono Boost), Stalker x4  
  174  10:14  Stalker  
  183  10:19  Protoss Ground Weapons Level 3 (Chrono Boost)  
  183  10:21  Blink (Chrono Boost)  
  184  10:27  Zealot x2  
  184  10:28  Zealot  
  189  10:44  Photon Cannon  
  189  10:45  Photon Cannon  
  189  10:47  Pylon  
  187  10:56  High Templar x2  
  187  10:57  High Templar x2  
  185  11:01  Archon x2, Zealot x2  
  185  11:02  Zealot x2  
  185  11:04  Photon Cannon  
  186  11:15  Colossus  
  186  11:16  Zealot x2  
  157  11:30  High Templar x4  
  157  11:31  Zealot x4  
  149  11:35  Archon x2  
  149  11:37  Stalker x2  
  149  11:38  Probe (Chrono Boost)  
  149  11:39  Probe x2 (Chrono Boost)  
  150  11:40  Probe (Chrono Boost)  
  151  11:49  Probe x3 (Chrono Boost)  
  151  11:50  Probe (Chrono Boost)  
  151  11:54  Probe (Chrono Boost)  
  155  11:56  Probe x2  
  155  11:57  High Templar x2  
  162  12:01  Archon  
  162  12:03  High Templar x2  
  162  12:05  Zealot x5  
  176  12:08  Archon  
  176  12:12  Probe  
  176  12:15  Probe x3  
  164  12:24  Probe  
  164  12:27  Probe x2  
  167  12:33  High Templar x2  
  167  12:34  Zealot x6  
  183  12:41  Colossus  
  183  12:44  Archon  
  183  12:48  Zealot  
  183  12:49  Zealot  
  176  13:04  Zealot x3  
  176  13:05  Zealot x3  
  186  13:10  Zealot  
  176  13:29  Pylon  
  176  13:30  High Templar  
  176  13:31  High Templar x4  
  176  13:32  High Templar  
  186  13:36  Archon x3  
  186  13:42  Probe x2, Fleet Beacon  
  186  13:43  Probe x2  
  182  13:57  Zealot x2  
  182  13:59  Probe x3  
  182  14:00  Probe  
  162  14:11  Probe x3  
  162  14:12  Probe  
  156  14:37  Stalker x6  
  137  15:19  Stalker x6  
  122  15:32  High Templar x2  
  122  15:36  Archon  
  94  15:54  High Templar x2  
  94  15:55  High Templar x2  
  102  16:00  Archon  
  102  16:01  Archon  
Show
View Real Time Build Order
Export as new Build Order

RiSky Zerg 

Build Orders: Hatch First, Muta Ling Bane 

Get SALT Encoding   

  12  0:00  Drone  
  13  0:11  Overlord  
  13  0:16  Drone  
  14  0:30  Drone x2  
  16  0:48  Hatchery  
  15  0:51  Drone  
  15  0:55  Drone  
  17  0:57  Drone  
  18  1:08  Extractor  
  17  1:13  Spawning Pool  
  17  1:16  Drone  
  17  1:19  Drone  
  18  1:27  Drone  
  19  1:38  Drone  
  20  1:48  Overlord  
  20  2:00  Queen x2  
  24  2:01  Zergling x4  
  26  2:11  Drone x2  
  28  2:16  Metabolic Boost  
  28  2:21  Zergling x2  
  30  2:22  Drone  
  30  2:35  Hatchery  
  29  2:41  Queen  
  31  2:45  Drone  
  31  2:46  Drone  
  31  2:51  Overlord  
  33  2:55  Drone  
  33  2:57  Drone  
  35  3:00  Drone  
  36  3:12  Drone  
  37  3:13  Drone  
  37  3:14  Drone x2  
  37  3:18  Queen, Drone  
  43  3:20  Overlord  
  43  3:22  Drone  
  44  3:34  Overlord  
  44  3:37  Overlord  
  44  3:41  Drone  
  45  3:48  Drone x5  
  48  3:53  Spore Crawler, Drone x2  
  48  3:54  Spore Crawler, Queen  
  52  3:56  Drone  
  53  4:03  Overlord  
  53  4:04  Drone x2  
  53  4:09  Drone  
  56  4:13  Zergling x2  
  57  4:18  Drone x2  
  57  4:21  Drone x2  
  57  4:23  Drone  
  59  4:26  Lair  
  59  4:29  Extractor, Drone x2  
  59  4:30  Extractor  
  59  4:32  Roach Warren  
  59  4:33  Zergling x2  
  59  4:34  Zergling x4  
  59  4:38  Zergling x2  
  62  4:42  Drone x2  
  62  4:43  Drone x3  
  62  4:45  Spore Crawler  
  65  4:47  Drone  
  65  4:50  Drone  
  67  4:55  Drone  
  67  4:57  Overlord  
  67  4:59  Drone x2  
  70  5:03  Drone x2  
  70  5:04  Drone  
  70  5:06  Drone  
  73  5:08  Overlord  
  73  5:11  Drone, Evolution Chamber  
  73  5:13  Overlord  
  73  5:15  Overlord  
  73  5:16  Zergling x6  
  73  5:19  Zergling x4  
  78  5:21  Extractor  
  78  5:23  Zergling x2  
  78  5:24  Queen  
  81  5:28  Zergling x2  
  81  5:29  Extractor  
  81  5:31  Zergling x4  
  82  5:36  Drone  
  82  5:37  Drone  
  82  5:38  Overlord  
  82  5:40  Overlord  
  82  5:42  Drone x2  
  86  5:43  Glial Reconstitution  
  86  5:44  Zerg Melee Weapons Level 1  
  86  5:47  Extractor  
  86  5:48  Drone  
  86  5:49  Baneling Nest  
  85  5:51  Drone x2  
  85  5:52  Drone x2  
  85  5:54  Drone  
  85  5:55  Drone  
  85  5:56  Drone  
  92  6:06  Drone  
  92  6:09  Hatchery  
  92  6:10  Drone x2  
  94  6:12  Drone  
  94  6:13  Overlord  
  94  6:14  Drone x2  
  97  6:24  Drone x3  
  99  6:26  Roach x2  
  99  6:27  Roach  
  99  6:29  Overseer  
  105  6:34  Roach x2  
  105  6:35  Hatchery, Overlord  
  108  6:42  Centrifical Hooks  
  108  6:44  Spire, Overlord  
  108  6:45  Roach x2  
  110  6:47  Roach  
  110  6:49  Roach x2  
  110  6:51  Overlord  
  116  6:57  Overlord  
  116  7:00  Drone x2  
  119  7:01  Drone x2  
  119  7:04  Drone x2  
  119  7:05  Drone x2  
  119  7:06  Drone  
  126  7:12  Drone  
  126  7:13  Drone x2  
  126  7:14  Drone  
  130  7:17  Drone x2  
  130  7:22  Zergling x6  
  133  7:23  Extractor  
  133  7:25  Overlord  
  133  7:26  Extractor, Overlord  
  131  7:32  Drone  
  131  7:34  Zergling x4  
  131  7:35  Ravager  
  131  7:36  Ravager x9  
  131  7:37  Zergling x4, Baneling x4  
  144  7:38  Zergling x2  
  144  7:41  Roach x3  
  144  7:42  Baneling  
  144  7:43  Baneling x11  
  153  7:47  Roach x3  
  158  7:52  Roach x3  
  158  7:55  Zergling x2  
  158  7:57  Baneling x4  
  165  7:59  Overlord  
  165  8:01  Overlord x3  
  165  8:06  Overlord  
  165  8:08  Spore Crawler  
  157  8:26  Mutalisk x6  
  166  8:29  Zergling x10  
  172  8:36  Zergling x12  
  171  8:41  Zerg Flyer Weapons Level 1  
  171  8:44  Zerg Melee Weapons Level 2  
  171  8:46  Infestation Pit  
  166  8:48  Zergling x10  
  166  8:50  Zergling x2  
  166  8:51  Mutalisk  
  166  8:54  Mutalisk  
  176  8:56  Mutalisk  
  176  8:59  Zergling x8  
  182  9:05  Zergling x6  
  182  9:06  Spine Crawler  
  182  9:07  Zergling x6, Spine Crawler x2  
  182  9:08  Overseer  
  185  9:10  Zergling x4  
  185  9:11  Zergling x2  
  185  9:14  Baneling x2  
  185  9:15  Baneling x6  
  185  9:16  Zergling x2  
  189  9:19  Zergling x4  
  189  9:21  Zergling x2  
  192  9:28  Hatchery  
  177  9:31  Hive  
  177  9:32  Zergling x16  
  183  9:38  Zergling x8  
  186  9:46  Drone  
  186  9:48  Drone x2  
  186  9:50  Drone  
  182  9:55  Zergling x8  
  186  10:01  Zergling x10  
  191  10:08  Mutalisk  
  191  10:10  Overlord x2  
  191  10:14  Overlord  
  191  10:15  Overlord  
  191  10:17  Overlord  
  191  10:20  Overlord  
  191  10:22  Overlord  
  191  10:33  Zergling x2  
  191  10:34  Zergling x16  
  200  10:43  Baneling x35  
  200  10:47  Zergling x2  
  197  10:50  Zergling x8  
  197  10:54  Zergling x2  
  200  11:04  Zergling x2  
  200  11:08  Zergling x8  
  195  11:14  Zergling x10  
  195  11:15  Zergling x10  
  194  11:18  Zergling x2  
  194  11:19  Zergling x10  
  195  11:25  Zergling x2  
  195  11:26  Zergling x16  
  163  11:33  Baneling x22  
  163  11:35  Zergling x2  
  163  11:36  Zergling x4  
  163  11:38  Baneling  
  163  11:39  Baneling x6  
  156  11:41  Ravager  
  156  11:42  Ravager x2  
  156  11:44  Zergling x6  
  156  11:45  Baneling x3  
  156  11:46  Baneling  
  162  11:50  Zergling x4  
  162  11:52  Zergling x4  
  165  11:56  Zergling x12  
  165  12:00  Greater Spire  
  170  12:02  Adrenal Glands  
  170  12:04  Baneling  
  170  12:05  Baneling x3  
  170  12:10  Zergling x10  
  172  12:17  Baneling  
  172  12:18  Baneling x8  
  172  12:20  Zergling x8  
  174  12:24  Zergling x4  
  174  12:25  Baneling  
  176  12:31  Baneling x17  
  175  12:37  Zergling x12  
  175  12:40  Zergling x2  
  175  12:41  Zergling x2  
  183  12:47  Zergling x2  
  183  12:48  Zergling x2  
  181  12:56  Zergling x28  
  194  13:02  Baneling x3  
  194  13:03  Baneling x11  
  189  13:06  Corruptor  
  175  13:20  Zergling x26  
  175  13:23  Zergling x4  
  186  13:29  Zergling x2  
  186  13:30  Zergling x8  
  191  13:34  Baneling x11  
  191  13:35  Baneling x3  
  191  13:38  Brood Lord  
  193  13:43  Drone x4  
  193  13:48  Baneling x2  
  193  13:52  Zergling x10  
  193  13:53  Zergling x4  
  199  14:02  Zergling x8  
  196  14:12  Corruptor x2  
  196  14:16  Hatchery  
  193  14:17  Corruptor  
  193  14:21  Corruptor  
  194  14:30  Corruptor x2  
  186  14:34  Baneling x9  
  184  14:40  Zergling x4  
  184  14:44  Zergling x4  
  183  14:47  Brood Lord  
  183  14:48  Brood Lord  
  187  14:54  Brood Lord  
  187  15:04  Zergling x2  
  187  15:05  Zergling x16  
  188  15:11  Zergling x6  
  145  15:16  Zergling x2  
  145  15:17  Zergling x6  
  129  15:26  Zergling x2  
  119  15:29  Roach  
  119  15:30  Roach x2  
  100  15:38  Roach x3  
  100  15:42  Roach  
  95  15:46  Roach x5  
  90  16:01  Ravager x5  

Tags
 
Add a new tag
Caveats
  • Supply blocks, unpowered buildings, or Contaminate may cause inaccurate times.
  • Supply counts are checked every 10 seconds.